 Dungeon Crawl Stone Soup version 0.27-a0-1612-gde56a17b89 (webtiles) character file.

Game seed: 12121697509098886561

154 funkygono the Firebug (level 5, -5/28 HPs)
             Began as a Gargoyle Fire Elementalist on July 22, 2021.
             Slain by Sigmund (6 damage)
             ... on level 3 of the Dungeon.
             The game lasted 00:05:48 (2916 turns).

funkygono the Firebug (Gargoyle Fire Elementalist)  Turns: 2916, Time: 00:05:48

Health: -5/28      AC:  7    Str: 12    XL:     5   Next: 36%
Magic:  0/9        EV: 12    Int: 16    God:
Gold:   73         SH:  0    Dex: 10    Spells: 2/10 levels left

rFire    . . .     SeeInvis .   e - +0 club
rCold    . . .     Faith    .   (no shield)
rNeg     + . .     Spirit   .   a - +0 robe
rPois    ∞         Reflect  .   l - +0 helmet
rElec    +         Harm     .   (no cloak)
rCorr    .         Rampage  .   (no gloves)
Will     .....                  (no boots)
Stlth    ++........             (no amulet)
HPRegen  0.09/turn              (no ring)
MPRegen  0.11/turn              (no ring)

@: very slightly contaminated
A: sickness immunity, AC +4, negative energy resistance 1, electricity
resistance, torment resistance 1, petrification resistance
a: no special abilities


You were on level 3 of the Dungeon.
You visited 1 branch of the dungeon, and saw 3 of its levels.

You collected 73 gold pieces.

Inventory:

Hand Weapons
 e - a +0 club (weapon)
 m - a +1 dagger of pain
Armour
 a - a +0 robe (worn)
 b - a +0 kite shield
 h - a +0 leather armour
 l - a +0 helmet (worn)
Jewellery
 j - an amulet of faith
Wands
 c - a wand of flame (24)
Scrolls
 d - a scroll of fog
 g - a scroll of noise {unknown}
 n - a scroll of identify
Potions
 f - a potion of mutation
 k - a potion of brilliance {unknown}


   Skills:
 + Level 1.6 Dodging
 - Level 2.1 Stealth
 * Level 3.2 Spellcasting
 * Level 2.4 Conjurations
 * Level 4.6 Fire Magic


You had 2 spell levels left.
You knew the following spells:

 Your Spells              Type           Power      Damage    Failure   Level
a - Foxfire               Conj/Fire      52%        2x1d6     4%          1
b - Conjure Flame         Conj/Fire      13%        6-21      13%         3
c - Sticky Flame          Conj/Fire      13%        2d4       38%         4

Your spell library contained the following spells:

 Spells                   Type           Power      Damage    Failure   Level
 Inner Flame              Hex/Fire       10%        N/A       22%         3
 Dazzling Flash           Conj/Hex       12%        N/A       32%         3
 Iskenderun's Mystic Bla  Conj/Tloc      6%         2d4       73%         4
 Fireball                 Conj/Fire      6%         3d5       75%         5
 Starburst                Conj/Fire      6%         8x6d4     100%        6


Dungeon Overview and Level Annotations

Branches:
Dungeon (3/15)

Altars:
Elyvilon
Qazlal
Ru
The Shining One

Annotations:
D:3 Sigmund


Innate Abilities, Weirdness & Mutations

You are immune to sickness and miasma.
Your stone body is resilient. (AC +4)
You are immune to poison.
You resist negative energy. (rN+)
You are resistant to electric shocks. (rElec)
You are resistant to unholy torment.
You are immune to petrification.


Message History

Unknown command.
You're too confused to cast spells.
Sorry, you're not good enough to have a special ability.
Unknown command.
The foxfire hits something. x2
You hear some strange, mumbled words.
You are more confused.
You hear some strange, mumbled words.
Something tries to affect you, but you resist.
You're too confused to cast spells.
Something hits you but does no damage.
You're too confused to cast spells.
Unknown command.
You bump into the rock wall.
Something hits you but does no damage.
Unknown command.
Okay, then.
Something hits you!
Your magical contamination has completely faded away.
You hear some strange, mumbled words.
You are more confused.
You're too confused to move!
Something hits you!
Unknown command.
There are no items here.
It was a potion of curing.
You feel better. Something hits you.
Casting: Foxfire (safe; 4% risk of failure)
Confirm with . or Enter, or press ? or * to list all spells.
The spell is potentially lethal to cast (38% risk of failure)!
Continue anyway?
Okay, then.
Casting: Sticky Flame (potentially lethal; 38% risk of failure)
Confirm with . or Enter, or press ? or * to list all spells.
The spell is potentially lethal to cast (38% risk of failure)!
Continue anyway?
Aiming: Sticky Flame (potentially lethal; 38% risk of failure)
Press: ? - help, Shift-Dir - straight line You miscast Sticky Flame.
You are very lightly contaminated with residual magic.
Sparks fly from your hands!
* * * LOW HITPOINT WARNING * * *
Something hits you but does no damage. Something hits you.
You die...

...<..{......# ........## #.#
########..##..#########.# #.#
#..# ### ######..# #.# #.##
#####...##.## #.# ...
..##.###...# #.#
###.####.#....#.### #.#### #
......#.##.#.#.# #.....
#.##.##.#.###...## #..###
#.#...#.#.#.@.{..# #..#
...._.......####.# #..#
#.#...#.#.######.### #..#
#.##.##.#.##.....<.# #..#
#.......#.##.###.#.# #..#
#.####.####.##.###(#.#####..#
#...........#...............#
######.######....###.######.#
#.# #..# #.#...............#


There were no monsters in sight!

Vanquished Creatures
  Jessica (D:3)
  Robin (D:3)
  3 adders
  A worm (D:2)
  5 dart slugs
  10 ball pythons
  6 endoplasms
  5 giant cockroaches
  14 goblins
  8 hobgoblins
  5 kobolds
  2 quokkas (D:3)
  6 bats
  3 frilled lizards
  3 rats
73 creatures vanquished.

Vanquished Creatures (others)
  226 foxfires
226 creatures vanquished.

Grand Total: 299 creatures vanquished

Notes
Turn   | Place    | Note
-------+----------+-------------------------------------------
     0 | D:1      | funkygono the Gargoyle Fire Elementalist began the quest
                  | for the Orb.
     0 | D:1      | Reached XP level 1. HP: 10/10 MP: 3/3
   146 | D:1      | Reached XP level 2. HP: 15/15 MP: 1/5
   535 | D:1      | Reached XP level 3. HP: 19/19 MP: 3/6
   590 | D:1      | Learned a level 3 spell: Conjure Flame
   809 | D:1      | Found a faded altar of an unknown god.
  1333 | D:2      | Reached XP level 4. HP: 24/24 MP: 3/8
  1338 | D:2      | Learned a level 4 spell: Sticky Flame
  1379 | D:2      | Found a stormy altar of Qazlal.
  1554 | D:2      | Reached skill level 4 in Fire Magic
  2006 | D:3      | Noticed Sigmund
  2139 | D:3      | Found a glowing golden altar of the Shining One.
  2155 | D:3      | Found a sacrificial altar of Ru.
  2379 | D:3      | Noticed Jessica
  2393 | D:3      | Killed Jessica
  2394 | D:3      | Reached XP level 5. HP: 28/28 MP: 2/9
  2554 | D:3      | Noticed Robin
  2562 | D:3      | Killed Robin
  2859 | D:3      | Found a white marble altar of Elyvilon.
  2915 | D:3      | HP: 1/28 [something (9)]
  2916 | D:3      | Slain by Sigmund

Illustrated notes

Levels and vault maps discovered:
D:1:      nicolae_arrival_memento_mori, layout_rooms,
          hellmonk_ecumenical_altar_pennies_from_heaven, minmay_distorted
D:2:      layout_basic, basic_altar
D:3:      layout_loops_ring, nicolae_ru_sacrificial_ziggurat,
          lemuel_coloured_pillars_altar, mainiacjoe_overflow_paths,
          uniq_jessica, uniq_robin, uniq_sigmund

Skill      XL: |  1  2  3  4 |
---------------+-------------+-----
Conjurations   | 2 |  2.4
Fire Magic     | 4 |  4.6
Spellcasting   | 3 |  3.2
Dodging        | |  1.6
Stealth        | |  2.1

Action                   |  1- 3 |  4- 6 || total
-------------------------+-------+-------++-------
Melee: Club              |     1 |     5 ||     6
 Cast: Foxfire           |    63 |    79 ||   142
  Use: Scroll            |     3 |     1 ||     4
       Potion            |       |     1 ||     1
Armor: Robe              |     6 |     8 ||    14
Dodge: Dodged            |    21 |    11 ||    32

Table legend: (Time is in decaauts)
 A = Elapsed time spent in this place.
 B = Non-inter-level travel time spent in this place.
 C = Inter-level travel time spent in this place.
 D = Time resting spent in this place.
 E = Time spent auto-exploring this place.
 F = Levels seen in this place.
 G = Mean time per level.
                   A        B        C        D        E       F      G
               +--------+--------+--------+--------+--------+-----+--------+
         Total |   2919 |   2908 |     11 |    153 |   2167 |   3 |  973.0 |
       Dungeon |   2919 |   2908 |     11 |    153 |   2167 |   3 |  973.0 |
               +--------+--------+--------+--------+--------+-----+--------+

Top non-repeatable levels by time:
     D:2: 1036 daAuts
     D:1: 1003 daAuts
     D:3: 879 daAuts
